 Dungeon Crawl Stone Soup version 0.29-a0-338-g1ff7896281 (webtiles) character file.

Game seed: 11583205873016950129

2326 Dauddaud the Cleaver (level 9, -5/105 HPs)
             Began as a Minotaur Berserker on Apr 18, 2022.
             Was an Elder of Trog.
             Slain by an iguana (7 damage)
             ... on level 6 of the Dungeon.
             The game lasted 00:14:02 (8059 turns).

Dauddaud the Cleaver (Minotaur Berserker)           Turns: 8059, Time: 00:14:03

Health: -5/105     AC: 11    Str: 26    XL:     9   Next: 19%
Magic:  8/8        EV:  9    Int:  4    God:    Trog [****..]
Gold:   193        SH:  0    Dex: 10    Spells: 8/8 levels left

rFire   + . .      SeeInvis .   v - +0 battleaxe
rCold   . . .      Faith    .   (shield currently unavailable)
rNeg    . . .      Spirit   .   s - +0 chain mail
rPois   +          Reflect  .   (helmet restricted)
rElec   .          Harm     .   z - +2 cloak {rPois}
rCorr   .          Rampage  .   (no gloves)
Will    .....                   (no boots)
Stlth   ..........              (no amulet)
HPRegen 0.27/turn               m - ring of protection from fire
MPRegen 0.11/turn               (no ring)

@: berserking, spiked, very quick
A: horns 2, retaliatory headbutt
a: Renounce Religion, Berserk, Trog's Hand, Brothers in Arms


You were on level 6 of the Dungeon.
You worshipped Trog.
Trog was greatly pleased with you.
You visited 1 branch of the dungeon, and saw 6 of its levels.
You also visited: Sewer.

You collected 400 gold pieces.
You spent 207 gold pieces at shops.

Inventory:

Hand Weapons
 a - a +0 hand axe
 p - the +12 broad axe "Ziryv" {pain, rF+ rC+ Will+ Dex+5}
   (You bought it in a shop on level 3 of the Dungeon)

   In the hands of one skilled in necromantic magic, it inflicts extra damage on
   living creatures.
   Dex:       It affects your dexterity (+5).
   rF:        It protects you from fire.
   rC:        It protects you from cold.
   Will:      It increases your willpower.
   Trog disapproves of the use of such an item.
 v - a +0 battleaxe (weapon)
Armour
 b - a +0 animal skin
 h - a +0 ring mail
 s - a +0 chain mail (worn)
 z - a +2 cloak of poison resistance (worn)
Jewellery
 m - a ring of protection from fire (left hand)
Wands
 g - a wand of digging (4)
 r - a wand of mindburst (11)
 x - a wand of flame (40)
 y - a wand of charming (11)
Scrolls
 c - 4 scrolls of blinking
 d - 2 scrolls of enchant weapon {unknown}
 e - a scroll of teleportation {unknown}
 i - a scroll of acquirement
 l - a scroll of fear
 t - a scroll of amnesia {unknown}
 u - a scroll of fog {unknown}
 w - a scroll of enchant armour {unknown}
 A - a scroll of identify
 B - a scroll of vulnerability {unknown}
Potions
 f - 2 potions of curing {unknown}
 j - a potion of mutation {unknown}
 k - a potion of lignification {unknown}
 n - a potion of magic {unknown}
 o - a potion of attraction {unknown}
 q - a potion of heal wounds {unknown}


   Skills:
 - Level 3.6 Fighting
 + Level 14.8 Axes
 - Level 2.4 Armour
 - Level 2.1 Dodging


You had 8 spell levels left.
You didn't know any spells.
Your spell library was empty.

Dungeon Overview and Level Annotations

Branches:
Dungeon (6/15)              Sewer (visited)
 Temple: D:4-7

Altars:
Ashenzari
Cheibriados
Kikubaaqudgha
Okawaru
The Shining One

Shops:
D:3 (   D:5 =


Innate Abilities, Weirdness & Mutations

You have a pair of horns on your head.
You reflexively headbutt those who attack you in melee.


Message History

You feel yourself moving faster!
You feel mighty!
The centaur unwields a +0 shortbow.
The centaur barely misses you. x2
You barely miss the centaur. You headbutt the centaur.
The centaur is lightly wounded.
The centaur hits you.
The centaur kicks you but does no damage.
The centaur hits you but does no damage.
The centaur kicks you but does no damage.
You barely miss the centaur. You headbutt the centaur!
The centaur is severely wounded.
The centaur hits you but does no damage.
The centaur kicks you but does no damage.
You slice the centaur like a ripe choko!!!
You kill the centaur!
Trog accepts your kill.
The manticore flicks its tail.
The volley of spikes hits you!!
The barbed spikes become lodged in your body.
You carve the adder like a ham!!!
You kill the adder!
Trog accepts your kill.
The barbs in your skin will harm you if you move.
Continue?
The barbed spikes dig painfully into your body as you move.
The manticore bites you!!
* * * LOW HITPOINT WARNING * * *
The manticore claws you.
* * * LOW HITPOINT WARNING * * *
The manticore claws you.
* * * LOW HITPOINT WARNING * * *
Things that are here:
a +0 shortbow; an adder corpse; a centaur corpse You hit the manticore.
Your headbutt misses the manticore.
The manticore is lightly wounded.
You barely miss the iguana. The manticore bites you!
* * * LOW HITPOINT WARNING * * *
The manticore claws you.
* * * LOW HITPOINT WARNING * * *
The manticore claws you but does no damage.
The iguana bites you!
You die...

#.#..##..## #####.#
#+#####..# #.....#
#....##### #.#####
##...##########.#
#.##..##..##.).#
#.##..##..##)).#
#...##..##.)##.#
#...##..##..##.# z#
#.##..##..##..@##.H.#.
#.##..##..##..HlTz!...
#...##..##..##.##...#.
#...##.[##..##.# #.#
#.##..##..##...# #
#.##..##..##...#
#...##..##..####
#...##[.##..#
#############


You could see a manticore, a troll, an iguana and a wight.

Vanquished Creatures
  3 black bears
  3 ogres
  A sky beast (D:5)
  3 centaurs
  2 phantoms
  2 kobold brigands (Sewer)
  A bullfrog (D:6)
  A gnoll sergeant (D:6)
  3 scorpions
  6 hounds
  Crazy Yiuf (D:5)
  3 jellies
  Natasha (thrice) (D:3)
  An iguana (D:6)
  6 orc wizards
  13 adders
  5 gnolls (D:6)
  2 river rats (Sewer)
  A shadow imp (D:4)
  An ufetubus (D:6)
  5 worms
  6 dart slugs
  17 orcs
  5 bats
  8 endoplasms
  5 giant cockroaches
  6 goblins
  9 hobgoblins
  7 jackals
  A quokka (D:1)
  14 ball pythons
  2 frilled lizards
  14 kobolds
  15 rats
175 creatures vanquished.

Vanquished Creatures (others)
  4 fungi (D:5)
4 creatures vanquished.

Grand Total: 179 creatures vanquished

Notes
Turn   | Place    | Note
-------+----------+-------------------------------------------
     0 | D:1      | Dauddaud the Minotaur Berserker began the quest for the
                  | Orb.
     0 | D:1      | Reached XP level 1. HP: 19/19 MP: 0/0
    93 | D:1      | Reached skill level 4 in Axes
   508 | D:1      | Reached XP level 2. HP: 25/26 MP: 1/1
   723 | D:1      | Found a faded altar of an unknown god.
  1370 | D:1      | Reached skill level 5 in Axes
  1666 | D:2      | Reached ** piety under Trog
  1667 | D:2      | Reached XP level 3. HP: 30/31 MP: 2/2
  2115 | D:2      | Found an ancient bone altar of Kikubaaqudgha.
  2258 | D:3      | Noticed Natasha
  2266 | D:3      | Killed Natasha
  2267 | D:3      | Reached skill level 6 in Axes
  2267 | D:3      | Reached XP level 4. HP: 34/39 MP: 3/3
  2868 | D:3      | Found Junwakhlu's Antique Weapon Shop.
  3010 | D:3      | Reached *** piety under Trog
  3024 | D:3      | Noticed Natasha
  3027 | D:3      | Killed Natasha
  3028 | D:3      | Reached skill level 7 in Axes
  3028 | D:3      | Reached XP level 5. HP: 45/45 MP: 4/4
  3232 | D:3      | Noticed Natasha
  3239 | D:3      | Killed Natasha
  3399 | D:3      | Bought a dazzling broad axe for 207 gold pieces
  3399 | D:3      | Identified the +12 broad axe "Ziryv" {pain, rF+ rC+ Will+
                  | Dex+5} (You bought it in a shop on level 3 of the Dungeon)
  3427 | D:4      | Identified a scroll of acquirement
  3436 | D:4      | Found a broken altar of Ashenzari.
  3520 | D:4      | Noticed a phantom
  3527 | D:4      | Killed a phantom
  3528 | D:4      | Reached skill level 8 in Axes
  3528 | D:4      | Reached XP level 6. HP: 45/51 MP: 5/5
  3825 | D:4      | Found a glowing drain.
  3838 | Sewer    | Entered a sewer
  3978 | Sewer    | Reached skill level 9 in Axes
  4181 | Sewer    | Reached XP level 7. HP: 36/57 MP: 6/6
  4703 | Sewer    | Reached skill level 10 in Axes
  4949 | D:4      | Found a snail-covered altar of Cheibriados.
  5376 | D:4      | Reached **** piety under Trog
  5796 | D:5      | Entered Level 5 of the Dungeon
  5945 | D:5      | Reached skill level 11 in Axes
  5978 | D:5      | Reached XP level 8. HP: 49/64 MP: 7/7
  6170 | D:5      | Reached skill level 12 in Axes
  6268 | D:5      | Found a glowing golden altar of the Shining One.
  6468 | D:5      | Found Piomp's Jewellery Shoppe.
  6514 | D:5      | Found a runed translucent door.
  6515 | D:5      | Noticed Crazy Yiuf
  6608 | D:5      | Found an iron altar of Okawaru.
  6886 | D:5      | Killed Crazy Yiuf
  7070 | D:6      | Reached skill level 13 in Axes
  7662 | D:6      | Reached skill level 14 in Axes
  7675 | D:6      | Reached XP level 9. HP: 45/70 MP: 8/8
  8047 | D:6      | Noticed a manticore
  8047 | D:6      | Noticed a troll
  8059 | D:6      | HP: 2/105 [manticore (4)]
  8059 | D:6      | Slain by an iguana

Illustrated notes

Levels and vault maps discovered:
D:1:      tarquinn_simple_flora_water_a, layout_loops_corners,
          basic_ecumenical_altar
D:2:      layout_loops_ring, basic_altar, serial_bayou_pond_d
D:3:      minmay_diamond_boxcup, layout_rooms, serial_shops, shop,
          lemuel_another_geyser, uniq_natasha
D:4:      layout_basic, lemuel_coloured_pillars_altar,
          ashenzari_conservatory_becter, portal_sewer_entry_b, abandoned_shop
D:5:      layout_cave_pools, kennysheep_okawaru_gauntlet,
          mainiacjoe_overflow_catwalk, serial_shops, nicolae_square_shop,
          uniq_crazy_yiuf_cottage
D:6:      wad_guarded_room, layout_loops_ring, nicolae_overflow_hidden_temple,
          uniq_grinder

Skill      XL: |  1  2  3  4  5  6  7  8 |
---------------+-------------------------+-----
Axes           | 4 5 6 7 8 9 11 14 | 14.8
Fighting       | |  3.6
Armour         | |  2.4
Dodging        | |  2.1

Action                   |  1- 3 |  4- 6 |  7- 9 || total
-------------------------+-------+-------+-------++-------
Melee: Hand axe          |    96 |   137 |   130 ||   363
       Headbutt          |    14 |     8 |    42 ||    64
       Broad axe         |       |     9 |       ||     9
       Punch             |       |       |     1 ||     1
       Battleaxe         |       |       |   125 ||   125
Invok: Berserk           |       |       |     3 ||     3
  Use: Scroll            |       |     3 |       ||     3
Armor: Animal skin       |     7 |       |       ||     7
       Ring mail         |    14 |    33 |    21 ||    68
       Chain mail        |       |       |   106 ||   106
Dodge: Dodged            |    57 |    62 |    97 ||   216

Table legend: (Time is in decaauts)
 A = Elapsed time spent in this place.
 B = Non-inter-level travel time spent in this place.
 C = Inter-level travel time spent in this place.
 D = Time resting spent in this place.
 E = Time spent auto-exploring this place.
 F = Levels seen in this place.
 G = Mean time per level.
                   A        B        C        D        E       F      G
               +--------+--------+--------+--------+--------+-----+--------+
         Total |   8189 |   8009 |    180 |   1869 |   5015 |   7 | 1169.9 |
       Dungeon |   7133 |   6953 |    180 |   1869 |   4162 |   6 | 1188.8 |
         Sewer |   1056 |   1056 |      0 |      0 |    852 |   1 | 1056.0 |
               +--------+--------+--------+--------+--------+-----+--------+

Top non-repeatable levels by time:
     D:1: 1446 daAuts
     D:4: 1427 daAuts
     D:5: 1237 daAuts
     D:3: 1164 daAuts
   Sewer: 1056 daAuts
     D:6: 1040 daAuts
     D:2: 817 daAuts
